 Dungeon Sprint DCSS version 0.21-a0-216-g6d3fd91 (webtiles) character file.

994 potatolord6000 the Fighter (level 7, 0/96 HPs)
             Began as a Demonspawn Fighter on Aug 23, 2017.
             Slain by a hippogriff (1 damage)
             ... in the Dungeon (Sprint II: "The Violet Keep of Menkaure").
             The game lasted 00:03:30 (260 turns).

potatolord6000 the Fighter (Demonspawn Fighter)      Turns: 260, Time: 00:03:31

Health: 0/96       AC: 10    Str: 23    XL:     7   Next: 99%
Magic:  6/6        EV: 10    Int:  9    God:
Gold:   486        SH: 11    Dex: 13    Spells: 6/6 levels left

rFire    . . .     SeeInvis .   a - +0 long sword
rCold    . . .     Gourm    .   c - +0 shield
rNeg     . . .     Faith    .   b - +0 scale mail
rPois    .         Spirit   .   (no helmet)
rElec    .         Reflect  .   (no cloak)
rCorr    .         Harm     .   (no gloves)
MR       .....     NoTele   +   (boots unavailable)
Stlth    ..........             (no amulet)
HPRegen  0.26/turn              (no ring)
MPRegen  0.10/turn              (no ring)

@: berserking, very quick
A: hooves 3, yellow scales 1, low mp 1, powered by death 1
a: no special abilities


You were in the Dungeon.
You were not hungry.

You visited 1 branch You collected 486 gold pieces.

Inventory:

Hand Weapons
 a - a +0 long sword (weapon)
Armour
 b - a +0 scale mail (worn)
 c - a +0 shield (worn)
Scrolls
 k - a scroll of blinking
Potions
 i - 2 potions of magic
Comestibles
 f - a bread ration


   Skills:
 + Level 9.3 Fighting
 + Level 8.5 Long Blades
 + Level 8.2 Armour
 + Level 2.6 Dodging
 + Level 8.0 Shields


You had 6 spell levels left.
You didn't know any spells.

Dungeon Overview and Level Annotations

Branches:
Dungeon (1/1)

Altars:


Innate Abilities, Weirdness & Mutations

You have hooves in place of feet.
You are partially covered in yellow scales. (AC +2)
You regenerate a little health from kills.
Your magical capacity is low. (-10% MP)


Message History

The hippogriff is almost dead.
You block the hippogriff's attack. x2; The hippogriff barely misses you.
Unknown command.
You slash the hippogriff!
You kill the hippogriff!
Your Shields skill increases to level 8!
The hippogriff completely misses you. You block the hippogriff's attack.
The hippogriff claws you but does no damage.
Unknown command.
You slash the hippogriff! You kick the hippogriff!
The hippogriff is heavily wounded.
The hippogriff bites you.
* * * LOW HITPOINT WARNING * * *
The hippogriff pecks you but does no damage.
You block the hippogriff's attack.
Unknown command.
You hit the hippogriff. You kick the hippogriff!
The hippogriff is severely wounded.
The hippogriff bites you.
You die...

#+## ## $.##
#.##..# ##
#.#.#### #
##.###'###.## .#
#.).##.##.#.#..#
#.+.<.'##.+..#
#...##.###..#....#
##.###@#
#.##...... ##
#H#.### §.... #.#
#.# ≈≈≈.. ## ##
≈§≈. ≈≈≈≈


You could see a hippogriff.

Vanquished Creatures
  A merfolk siren (D)
  A hippogriff (D)
  4 neqoxecs (D)
  3 worms (D)
9 creatures vanquished.

Vanquished Creatures (others)
  A crocodile (D)
1 creature vanquished.

Grand Total: 10 creatures vanquished

Notes
Turn   | Place    | Note
-------+----------+-------------------------------------------
     0 | D        | potatolord6000 the Demonspawn Fighter began the quest for the Orb.
     0 | D        | Reached XP level 1. HP: 18/18 MP: 1/1
    21 | D        | Gained mutation: You have large cloven feet. [demonic ancestry]
    21 | D        | Reached XP level 2. HP: 25/25 MP: 2/2
    28 | D        | Noticed a neqoxec
    31 | D        | Noticed a neqoxec
    32 | D        | Killed a crocodile
    39 | D        | HP: 1/25 [neqoxec (5)]
    44 | D        | Killed a neqoxec
    44 | D        | Reached skill level 6 in Fighting
    44 | D        | Reached skill level 5 in Armour
    44 | D        | Reached skill level 1 in Dodging
    44 | D        | Reached skill level 5 in Shields
    44 | D        | Gained mutation: You have hoof-like feet. [demonic ancestry]
    44 | D        | Reached XP level 3. HP: 17/34 MP: 3/3
    44 | D        | Gained mutation: You have hooves in place of feet. [demonic ancestry]
    44 | D        | Reached XP level 4. HP: 20/40 MP: 4/4
    44 | D        | Gained mutation: You regenerate a little health from kills. [demonic ancestry]
    44 | D        | Reached XP level 5. HP: 23/46 MP: 5/5
    46 | D        | Gained mutation: Your magical capacity is low. (-10% MP) [a neqoxec]
    49 | D        | Killed a neqoxec
    49 | D        | Reached skill level 7 in Fighting
    49 | D        | Reached skill level 5 in Long Blades
    49 | D        | Gained mutation: You are partially covered in yellow scales. (AC +2) [demonic ancestry]
    49 | D        | Reached XP level 6. HP: 26/55 MP: 5/5
    53 | D        | Noticed a neqoxec
    53 | D        | Noticed a neqoxec
    55 | D        | Killed a neqoxec
    57 | D        | Killed a neqoxec
    57 | D        | Reached skill level 8 in Fighting
    69 | D        | Noticed a merfolk siren
    81 | D        | Killed a merfolk siren
    81 | D        | Reached skill level 9 in Fighting
    81 | D        | Reached XP level 7. HP: 31/64 MP: 6/6
   244 | D        | Noticed a hippogriff
   244 | D        | Noticed a hippogriff
   258 | D        | Killed a hippogriff
   259 | D        | HP: 1/96 [hippogriff (4)]
   260 | D        | Slain by a hippogriff

Vault maps used:
D:        the_violet_keep_of_menkaure

Skill      XL: |  1  2  3  4  5  6  7 |
---------------+----------------------+-----
Armour         | 3 5 6 8 |  8.2
Shields        | 3 5 6 7 8 |  8.0
Long Blades    | 2 4 5 8 |  8.5
Fighting       | 6 7 9 |  9.3
Dodging        | 1 2 |  2.6

Action                   |  1- 3 |  4- 6 |  7- 9 || total
-------------------------+-------+-------+-------++-------
Melee: Long sword        |    29 |    18 |    13 ||    60
       Kick              |     5 |     8 |     7 ||    20
  Use: Potion            |     3 |       |     2 ||     5
Armor: Scale mail        |    12 |     1 |    22 ||    35
Dodge: Dodged            |    13 |     2 |    15 ||    30
Block: Shield            |    16 |     1 |    25 ||    42
       Rpst.: Long sword |     4 |       |       ||     4

Table legend:
 A = Spawn XP
 B = Non-spawn XP
 C = Spawn XP percentage of total XP
 D = Spawn monster count
 E = Non-spawn monster count
 F = Spawn count percentage of total count
 G = Total turns spent on level
                    A         B        C        D         E        F      G
               +---------+---------+-------+---------+---------+-------+---------
         Total |       0 |    1421 |   0.0 |       0 |       9 |   0.0 |   260
               +---------+---------+-------+---------+---------+-------+---------
             D |       0 |    1421 |   0.0 |       0 |       9 |   0.0 |   260
               +---------+---------+-------+---------+---------+-------+---------
